 Dungeon Crawl Stone Soup version 0.22-a0-86-g94e0ad4 (webtiles) character file.

296 KristoblXynda the Ruffian (level 6, 0/47 HPs)
             Began as a Draconian Transmuter on Jan 21, 2018.
             Slain by an orc wizard
             ... wielding a +0 dagger
              (4 damage)
             ... on level 4 of the Dungeon.
             The game lasted 00:04:42 (3818 turns).

KristoblXynda the Ruffian (Draconian Transmuter)    Turns: 3818, Time: 00:04:43

Health: 0/47       AC:  6    Str: 13    XL:     6   Next: 12%
Magic:  8/9        EV: 12    Int: 14    God:
Gold:   230        SH:  0    Dex: 12    Spells: 5/9 levels left

rFire    . . .     SeeInvis .     - Unarmed
rCold    . . .     Gourm    .   (no shield)
rNeg     + . .     Faith    .   (armour unavailable)
rPois    .         Spirit   .   (helmet restricted)
rElec    .         Reflect  .   (no cloak)
rCorr    .         Harm     .   (no gloves)
MR       .....                  (no boots)
Stlth    +.........             (no amulet)
HPRegen  0.15/turn              g - ring of positive energy
MPRegen  0.11/turn              (no ring)

@: no status effects
A: unfitting armour, cold-blooded, AC +6
a: no special abilities


You were on level 4 of the Dungeon.
You were hungry.

You visited 1 branch of the dungeon, and saw 4 of its levels.

You collected 230 gold pieces.

Inventory:

Missiles
 l - 6 javelins (quivered)
Jewellery
 g - a ring of positive energy (left hand)
Scrolls
 a - 3 scrolls of teleportation {unknown}
 e - 2 scrolls of remove curse {unknown}
 h - a scroll of fog {unknown}
 j - a scroll of magic mapping {unknown}
 k - 3 scrolls of identify {unknown}
 n - a scroll of enchant armour {unknown}
Potions
 d - a potion of curing
 f - a potion of lignification {unknown}
 i - a potion of berserk rage {unknown}
 o - a potion of haste {unknown}
Books
 b - a book of Changes

   Spells                             Type                      Level
   a - Beastly Appendage              Transmutation                1
   b - Sticks to Snakes               Transmutation                2
   c - Spider Form                    Transmutation/Poison         3
   d - Ice Form                       Ice/Transmutation            4
   e - Blade Hands                    Transmutation                5
Comestibles
 c - 5 rations


   Skills:
 - Level 1.1 Fighting
 - Level 2.0 Dodging
 * Level 5.6 Unarmed Combat
 - Level 2.0 Spellcasting
 + Level 3.8 Transmutations
 + Level 1.3 Poison Magic


You had 5 spell levels left.
You knew the following spells:

 Your Spells              Type           Power        Failure   Level  Hunger
a - Beastly Appendage     Tmut           ##....       4%          1    ##.....
b - Spider Form           Tmut/Pois      #.........   24%         3    ####...


Dungeon Overview and Level Annotations

Branches:
Dungeon (4/15)
 Temple: D:4-7

Altars:
Dithmenos
Gozag
Makhleb
Sif Muna


Innate Abilities, Weirdness & Mutations

Your plain brown scales are hard. (AC +6)
You cannot fit into any form of body armour.
You are cold-blooded and may be slowed by cold attacks.


Message History

The ogre is lightly wounded.
You kill the orc!
The adder barely misses you. The ogre misses you.
The adder completely misses you.
A leopard gecko comes into view.
You closely miss the adder. The adder completely misses you.
You bite the adder!
The adder looks as sick as possible!
The adder is almost dead.
The orc wizard looks more healthy.
The adder closely misses you.
A worker ant comes into view.
The worker ant twitches its antennae in your direction.
You kill the adder!
You hit the ogre but do no damage.
The ogre looks as sick as possible!
The ogre is severely wounded.
Your transformation has ended.
The gnoll closely misses you.
The ogre hits you with a giant spiked club!
* * * LOW HITPOINT WARNING * * *
The orc wizard hits you with a dagger.
You die...

#......##### .
###..l...... ..
...l....... ...
#....)#.### .. ########
#..#[..#.#
###......######.....
#...............!....#..
######.................#
. .###
#..............####
.##..##.............#
.##............[.#...
....##..........


You could see an ogre, a worker ant, an orc wizard, a gnoll, an orc and 2
leopard geckos.

Vanquished Creatures
  A bullfrog (D:3)
  A hound (D:3)
  A hound skeleton (D:4)
  3 gnolls (D:3)
  7 adders
  An ooze (D:1)
  3 worms
  3 dart slugs (D:1)
  4 leopard geckos
  3 orcs (D:4)
  8 bats
  A giant cockroach (D:1)
  6 goblins
  11 hobgoblins
  9 jackals
  A quokka (D:3)
  2 ball pythons
  A ball python skeleton (D:4)
  A frilled lizard (D:2)
  8 kobolds
  5 rats
80 creatures vanquished.

Notes
Turn   | Place    | Note
-------+----------+-------------------------------------------
     0 | D:1      | KristoblXynda the Draconian Transmuter began the quest for the Orb.
     0 | D:1      | Reached XP level 1. HP: 16/16 MP: 3/3
   592 | D:1      | Reached XP level 2. HP: 23/23 MP: 5/5
  1057 | D:1      | Reached XP level 3. HP: 24/28 MP: 6/6
  1242 | D:1      | Learned a level 3 spell: Spider Form
  1392 | D:2      | Reached skill level 4 in Unarmed Combat
  2012 | D:2      | Reached XP level 4. HP: 35/35 MP: 5/7
  2270 | D:2      | Found a deep blue altar of Sif Muna.
  2273 | D:2      | Found a burning altar of Makhleb.
  2276 | D:2      | Found an opulent altar of Gozag.
  2791 | D:3      | Noticed a bullfrog
  2809 | D:3      | Killed a bullfrog
  2809 | D:3      | Reached skill level 5 in Unarmed Combat
  2809 | D:3      | Reached XP level 5. HP: 28/40 MP: 8/8
  3349 | D:4      | Found a shadowy altar of Dithmenos.
  3412 | D:4      | Reached skill level 1 in Poison Magic
  3480 | D:4      | Noticed an ogre
  3492 | D:3      | Reached XP level 6. HP: 18/47 MP: 9/9
  3818 | D:4      | Slain by an orc wizard

Vault maps used:
D:1:      minmay_arrival_three_doors
D:2:      grunt_temple_overflow_diamond, nicolae_overflow_hidden_temple,
          first_ration
D:4:      grunt_dithmenos_smoke_and_mirrors, lemuel_temple_firewalk_b

Skill      XL: |  1  2  3  4  5 |
---------------+----------------+-----
Dodging        | 2 |  2.0
Unarmed Combat | 4 5 |  5.6
Transmutations | 3 |  3.8
Poison Magic   | 1 |  1.3
Fighting       | |  1.1
Spellcasting   | |  2.0

Action                   |  1- 3 |  4- 6 || total
-------------------------+-------+-------++-------
Melee: Unarmed           |   143 |   181 ||   324
       Tailslap          |    13 |    26 ||    39
       Kick              |     1 |     9 ||    10
       Punch             |     1 |     2 ||     3
       Headbutt          |       |     2 ||     2
 Cast: Beastly Appendage |     1 |     3 ||     4
       Spider Form       |       |     1 ||     1
  Use: Potion            |       |     1 ||     1
 Stab: Sleeping          |     2 |       ||     2
  Eat: Ration            |     1 |     1 ||     2
       Chunk             |       |     2 ||     2
Armor: Skin              |    29 |    52 ||    81
Dodge: Dodged            |    68 |   155 ||   223

Table legend:
 A = Spawn XP
 B = Non-spawn XP
 C = Spawn XP percentage of total XP
 D = Spawn monster count
 E = Non-spawn monster count
 F = Spawn count percentage of total count
 G = Total turns spent on level
                    A         B        C        D         E        F      G
               +---------+---------+-------+---------+---------+-------+---------
         Total |       0 |     424 |   0.0 |       0 |      80 |   0.0 |  3818
               +---------+---------+-------+---------+---------+-------+---------
           D:1 |       0 |      42 |   0.0 |       0 |      17 |   0.0 |  1313
           D:2 |       0 |      75 |   0.0 |       0 |      20 |   0.0 |  1226
           D:3 |       0 |     244 |   0.0 |       0 |      32 |   0.0 |  1122
           D:4 |       0 |      63 |   0.0 |       0 |      11 |   0.0 |   157
               +---------+---------+-------+---------+---------+-------+---------
